Map: King Sejong Station LE

Players

ELGOLDEN

  • Race: Protoss Protoss
  • League: Silver

Rakan - Winner!

  • Race: Terran Terran
  • League: Diamond

VOD

https://www.youtube.com/channel/UCcSgNfDNxvyisU-eCj9xyNg/playlists

Description

Time

  • Played on: Aug. 14, 2016, 1:31 p.m.
  • Length: 11:26
Show
View Real Time Build Order
Export as new Build Order

ELGOLDEN Protoss 

Build Orders:  

Get SALT Encoding   

  12  0:00  Probe (Chrono Boost)  
  13  0:11  Probe (Chrono Boost)  
  14  0:19  Pylon  
  14  0:22  Probe (Chrono Boost)  
  15  0:37  Probe (Chrono Boost)  
  15  0:38  Gateway  
  16  0:45  Assimilator  
  16  0:48  Probe (Chrono Boost)  
  17  0:55  Assimilator  
  17  0:58  Probe (Chrono Boost)  
  18  1:05  Pylon  
  18  1:09  Probe (Chrono Boost)  
  19  1:19  Probe (Chrono Boost)  
  19  1:25  Cybernetics Core  
  20  1:30  Probe (Chrono Boost)  
  21  1:34  Gateway  
  21  1:41  Probe (Chrono Boost)  
  22  1:51  Pylon  
  22  1:52  Probe (Chrono Boost)  
  23  2:01  Stalker  
  23  2:04  Mothership Core (Chrono Boost)  
  23  2:07  Warp Gate  
  27  2:20  Stalker  
  29  2:27  Stalker  
  31  2:53  Stalker  
  31  2:57  Nexus  
  33  3:02  Stalker  
  35  3:25  Nexus  
  36  3:34  Probe (Chrono Boost)  
  36  3:44  Probe (Chrono Boost)  
  36  3:45  Stargate  
  37  3:56  Forge  
  37  3:57  Probe (Chrono Boost)  
  38  4:05  Pylon  
  38  4:07  Probe (Chrono Boost)  
  39  4:11  Probe (Chrono Boost)  
  40  4:17  Sentry  
  40  4:18  Probe (Chrono Boost)  
  40  4:19  Sentry  
  40  4:22  Probe (Chrono Boost)  
  46  4:26  Oracle  
  46  4:33  Pylon  
  46  4:36  Probe x2 (Chrono Boost)  
  52  4:38  Probe (Chrono Boost)  
  52  4:45  Protoss Ground Weapons Level 1  
  52  4:48  Probe (Chrono Boost)  
  52  4:50  Probe x2 (Chrono Boost)  
  55  4:54  Pylon  
  56  5:00  Probe x2 (Chrono Boost)  
  56  5:02  Assimilator  
  56  5:03  Probe (Chrono Boost)  
  56  5:04  Phoenix  
  58  5:12  Probe (Chrono Boost)  
  58  5:13  Probe x2 (Chrono Boost)  
  63  5:24  Probe (Chrono Boost)  
  63  5:25  Probe (Chrono Boost)  
  63  5:26  Probe (Chrono Boost)  
  66  5:32  Phoenix  
  68  5:38  Probe (Chrono Boost)  
  68  5:39  Probe (Chrono Boost)  
  68  5:40  Probe (Chrono Boost)  
  71  5:43  Pylon  
  71  5:45  Assimilator  
  71  5:47  Adept  
  71  5:48  Adept  
  71  5:49  Probe (Chrono Boost)  
  77  5:50  Probe (Chrono Boost)  
  77  5:52  Probe (Chrono Boost)  
  78  6:00  Probe (Chrono Boost)  
  79  6:09  Probe (Chrono Boost)  
  79  6:11  Probe (Chrono Boost)  
  77  6:14  Probe (Chrono Boost)  
  77  6:17  Robotics Facility, Phoenix  
  80  6:20  Probe (Chrono Boost)  
  80  6:22  Twilight Council  
  80  6:23  Probe (Chrono Boost)  
  80  6:24  Probe (Chrono Boost)  
  83  6:26  Gateway  
  83  6:27  Assimilator  
  83  6:28  Gateway  
  83  6:30  Probe (Chrono Boost)  
  83  6:31  Protoss Ground Armor Level 1  
  83  6:32  Assimilator  
  84  6:35  Probe x2 (Chrono Boost)  
  86  6:41  Probe (Chrono Boost)  
  86  6:42  Phoenix  
  91  6:47  Probe (Chrono Boost)  
  91  6:48  Probe (Chrono Boost)  
  91  6:51  Probe (Chrono Boost)  
  91  6:52  Blink  
  92  6:57  Probe (Chrono Boost)  
  92  7:00  Probe (Chrono Boost)  
  94  7:03  Probe (Chrono Boost)  
  94  7:08  Robotics Bay, Probe (Chrono Boost)  
  96  7:13  Probe (Chrono Boost)  
  96  7:14  Photon Cannon  
  98  7:15  Probe (Chrono Boost)  
  98  7:19  Probe (Chrono Boost)  
  98  7:22  Stalker  
  101  7:35  Pylon  
  101  7:38  Pylon  
  101  7:41  Pylon  
  101  7:48  Pylon  
  101  7:52  Pylon  
  101  7:54  Photon Cannon  
  101  7:55  Photon Cannon, Stalker x4  
  101  7:56  Pylon  
  115  8:05  Void Ray  
  119  8:15  Pylon  
  106  8:23  Zealot x3  
  102  8:32  Stalker  
  80  8:42  Stalker  
  80  8:43  Stalker x3  
  82  8:51  Probe x2 (Chrono Boost)  
  82  8:53  Probe (Chrono Boost)  
  85  9:03  Probe x2 (Chrono Boost)  
  85  9:05  Probe (Chrono Boost)  
  85  9:09  Adept  
  88  9:11  Adept x2  
  88  9:12  Adept  
  88  9:15  Probe (Chrono Boost)  
  88  9:16  Pylon  
  88  9:17  Mothership Core (Chrono Boost), Probe (Chrono Boost), Pylon  
  98  9:19  Pylon  
  98  9:22  Pylon  
  98  9:24  Void Ray  
  102  9:32  Zealot x4  
  105  9:52  Stalker x2  
  107  9:53  Stalker x2  
  107  9:57  Pylon  
  100  10:13  Zealot  
  100  10:14  Zealot  
  51  10:22  Probe (Chrono Boost)  
  51  10:23  Probe (Chrono Boost)  
  51  10:24  Probe (Chrono Boost)  
  46  10:32  Probe (Chrono Boost)  
  47  10:35  Probe (Chrono Boost)  
  47  10:36  Probe (Chrono Boost)  
  47  10:38  Adept x3  
  47  10:39  Adept  
  55  10:43  Probe (Chrono Boost)  
  55  10:47  Probe (Chrono Boost)  
  55  10:48  Probe (Chrono Boost)  
  48  10:53  Probe (Chrono Boost)  
  49  11:00  Probe x2 (Chrono Boost)  
  49  11:03  Stalker x4  
  59  11:04  Probe (Chrono Boost)  
  61  11:12  Probe x2 (Chrono Boost)  
Show
View Real Time Build Order
Export as new Build Order

Rakan Terran - Winner!

Build Orders: MMM Bio 

Get SALT Encoding   

  12  0:00  SCV  
  13  0:12  SCV  
  14  0:17  Supply Depot  
  14  0:25  SCV  
  15  0:39  SCV  
  15  0:40  Barracks  
  16  0:52  Refinery, SCV  
  18  1:04  SCV  
  18  1:16  SCV  
  19  1:28  Orbital Command  
  20  1:35  Reaper  
  20  1:39  Command Center  
  20  1:49  Barracks  
  20  1:54  SCV  
  21  2:04  Supply Depot  
  21  2:09  SCV  
  21  2:13  Barracks Reactor  
  22  2:15  Refinery  
  22  2:21  SCV  
  23  2:34  SCV  
  24  2:43  Marine  
  24  2:46  SCV  
  24  2:47  Bunker  
  24  2:49  Marine x2  
  24  2:51  Factory  
  27  2:54  Bunker  
  27  2:58  SCV  
  28  3:05  Marine  
  29  3:07  Marine x2  
  29  3:12  Orbital Command  
  31  3:23  SCV  
  32  3:35  Widow Mine, SCV  
  32  3:36  Barracks Tech Lab  
  32  3:37  Starport  
  32  3:40  SCV  
  36  3:46  Marine  
  36  3:47  Marine  
  36  3:48  SCV  
  39  3:56  SCV  
  39  3:58  Stimpack  
  39  4:00  SCV  
  41  4:03  Widow Mine  
  41  4:07  Engineering Bay  
  43  4:11  SCV, Supply Depot  
  43  4:15  SCV  
  45  4:17  Marine  
  46  4:32  Widow Mine  
  46  4:33  Medivac, SCV, Supply Depot, Marine  
  46  4:35  SCV  
  46  4:37  Missile Turret  
  53  4:38  Missile Turret  
  53  4:40  Marine  
  54  4:46  Supply Depot  
  54  4:52  Terran Infantry Weapons Level 1  
  54  4:54  Marine x2  
  54  4:55  SCV x2  
  54  4:58  Marine  
  59  5:07  SCV  
  59  5:08  Widow Mine  
  59  5:13  Marine x2  
  64  5:14  SCV  
  64  5:15  Liberator  
  64  5:19  SCV  
  66  5:26  SCV  
  67  5:30  Barracks  
  67  5:33  Barracks x2  
  70  5:37  Refinery  
  70  6:07  SCV x2  
  70  6:11  Marine x2  
  69  6:22  Barracks Tech Lab, Supply Depot, Barracks Reactor  
  69  6:23  Supply Depot, Barracks Reactor  
  69  6:24  Supply Depot, Factory Reactor  
  69  6:27  SCV  
  69  6:29  Refinery  
  69  6:31  Supply Depot  
  70  6:34  Engineering Bay  
  70  6:36  Combat Shields  
  70  6:42  Marine x2  
  70  6:43  SCV, Marine  
  70  6:46  Marine  
  72  6:50  SCV  
  73  6:57  SCV  
  73  6:59  Marine  
  73  7:00  Command Center, Marine x5  
  73  7:01  Marine  
  80  7:04  Marine  
  80  7:06  Terran Infantry Armor Level 1  
  82  7:08  Barracks  
  82  7:09  Barracks, Medivac x2, Armory  
  82  7:14  SCV  
  87  7:17  Marine x2  
  87  7:18  Marine x2  
  91  7:25  Marine x4  
  91  7:28  SCV  
  96  7:37  Marine x2  
  96  7:38  Marine x2  
  96  7:42  Marine x2  
  102  7:46  Concussive Shells  
  102  7:52  Supply Depot  
  102  7:54  Supply Depot  
  102  8:11  Medivac, SCV, Marine x7  
  102  8:12  SCV  
  113  8:19  Marine  
  105  8:23  SCV  
  100  8:29  Marine x5, Marauder x2  
  98  8:37  Marine  
  98  8:39  Medivac  
  98  8:40  Orbital Command, SCV  
  101  8:41  Medivac  
  101  8:47  Marine x5  
  108  8:51  Marauder  
  108  8:54  Marine  
  108  8:55  Marine  
  111  9:04  Marine x4  
  111  9:05  SCV  
  116  9:10  Marine  
  116  9:11  SCV  
  116  9:12  Marauder x2  
  116  9:13  Marine  
  123  9:17  SCV  
  123  9:20  Orbital Command  
  123  9:22  Marine  
  125  9:30  Marine x3  
  125  9:34  Marauder  
  126  9:44  Marine x3  
  126  9:45  Marauder  
  130  9:46  SCV  
  130  9:52  Marine x2  
  131  9:55  Supply Depot  
  131  9:56  Supply Depot  
  131  9:58  Supply Depot  
  133  10:02  Marine  
  133  10:04  Marauder  
  124  10:07  Marine x2  
  124  10:08  Marauder  
  124  10:09  SCV  
  124  10:11  Marine x3  
  113  10:15  SCV  
  113  10:20  Marine  
  104  10:25  Marine x2, Marauder  
  99  10:29  SCV, Marine x3, Marauder  
  99  10:30  SCV  
  99  10:32  SCV  
  103  10:38  Marine  
  104  10:43  Marine x2  
  104  10:46  Marine x3  
  104  10:47  Marine  
  107  10:50  Marine  
  107  10:56  SCV, Marine  
  108  10:59  Refinery  
  108  11:00  Refinery  
  108  11:01  Command Center, Marine x2  
  110  11:04  Marine x3  
  110  11:05  Marauder  
Tags
 
Add a new tag
Caveats
  • Supply blocks, unpowered buildings, or Contaminate may cause inaccurate times.
  • Supply counts are checked every 10 seconds.